 Dungeon Crawl Stone Soup version 0.20-a0-454-g2b43fbb (webtiles) character file.

67 ponk the Ruffian (level 3, -8/36 HPs)
             Began as a Troll Monk on Jan 8, 2017.
             Mangled by a gnoll
             ... wielding a +0 spear
              (11 damage)
             ... on level 2 of the Dungeon.
             The game lasted 00:06:19 (1138 turns).

ponk the Ruffian (Troll Monk)                       Turns: 1138, Time: 00:06:21

Health: -8/36      AC:  8    Str: 19    XL:     3   Next: 98%
Magic:  2/2        EV: 11    Int:  6    God:
Gold:   43         SH:  0    Dex: 13    Spells: 2/2 levels left

rFire  . . .     SeeInvis .       - Unarmed
rCold  . . .     Gourm    +     a - +0 robe
rNeg   . . .     Faith    .     (no shield)
rPois  .         Spirit   .     (helmet restricted)
rElec  .         Reflect  .     d - +2 cloak
rCorr  .         Harm     .     (gloves unavailable)
MR     .....                    (boots unavailable)
Stlth  ++........               (no amulet)
                                (no ring)
                                (no ring)

@: no status effects
A: unfitting armour, claws 3, fast metabolism 3, gourmand, regeneration 1,
shaggy fur 1, tough skin 2
a: no special abilities


You were on level 2 of the Dungeon.
You were very full.

You visited 1 branch of the dungeon, and saw 2 of its levels.

You collected 43 gold pieces.

Inventory:

Armour
 a - a +0 robe (worn)
 d - a +2 cloak (worn)
Scrolls
 c - a scroll of enchant weapon {unknown}
 f - a scroll of fear
Comestibles
 b - 4 bread rations


   Skills:
 + Level 2.8 Fighting
 + Level 2.7 Dodging
 + Level 1.1 Stealth
 + Level 4.1 Unarmed Combat


You had 2 spell levels left.
You didn't know any spells.

Dungeon Overview and Level Annotations

Branches:
Dungeon (2/15)

Altars:
Okawaru


Innate Abilities, Weirdness & Mutations

You are too large for most types of armour.
You have claws for hands.
Your metabolism is lightning-fast.
You like to eat raw meat.
Your natural rate of healing is unusually fast.
You are covered in fur. (AC +1)
You have very tough skin. (AC +2)


Message History

The gnoll barely misses you.
You closely miss the bat. The bat hits you but does no damage.
The gnoll hits you with a spear. The gnoll barely misses you.
The bat closely misses you. The gnoll hits you but does no damage.
You closely miss the gnoll. The bat hits you but does no damage.
The gnoll barely misses you. The gnoll hits you but does no damage.
You scratch the gnoll but do no damage. The bat closely misses you.
The gnoll hits you with a spear. The gnoll hits you with a whip.
The gnoll hits you but does no damage. x2
The gnoll hits you from afar with a spear!
* * * LOW HITPOINT WARNING * * *
You barely miss the gnoll. The bat barely misses you.
The bat hits you but does no damage. The gnoll completely misses you. x2
The gnoll barely misses you. x2; The gnoll completely misses you.
You claw the gnoll!
You kill the gnoll!
Your Unarmed Combat skill increases to level 4!
The bat hits you but does no damage. The gnoll barely misses you.
The gnoll hits you from afar with a spear!
You die...

..# #.# #.# ########.#
########+# #........#
##......... ###....)...#
#.......... ...........#
#..........
........†..###..........
........)...............
....gg)@b..##.#...).....
.....gg.......#.........
.....g.....(..#...#'####
.......#################
.......#................
.####..#..#...#...#...#.
...#_...............
....#..#...#...#...#.
#................


You could see 5 gnolls and a bat.

Vanquished Creatures
  A gnoll (D:2)
  2 adders (D:2)
  An ooze (D:2)
  2 dart slugs (D:1)
  4 bats (D:1)
  2 giant cockroaches (D:1)
  2 goblins
  5 hobgoblins
  5 frilled lizards (D:1)
  5 kobolds
  6 rats (D:1)
35 creatures vanquished.

Notes
Turn   | Place    | Note
-------+----------+-------------------------------------------
     0 | D:1      | ponk the Troll Monk began the quest for the Orb.
     0 | D:1      | Reached XP level 1. HP: 22/22 MP: 0/0
   308 | D:1      | Reached XP level 2. HP: 29/29 MP: 1/1
   841 | D:1      | Reached XP level 3. HP: 34/36 MP: 2/2
  1054 | D:2      | Found an iron altar of Okawaru.
  1138 | D:2      | Reached skill level 4 in Unarmed Combat
  1138 | D:2      | Mangled by a gnoll

Vault maps used:
D:1:      grunt_arrival_lava_bath, hangedman_decor_points
D:2:      lemuel_coloured_pillars_altar, first_bread,
          chequers_ecumenical_altar_twisty, st_stairs_3,
          kennysheep_jessica_study

Skill      XL: |  1  2  3 |
---------------+----------+-----
Unarmed Combat | 4 |  4.1
Fighting       | |  2.8
Dodging        | |  2.7
Stealth        | |  1.1

Action                   || total
-------------------------++-------
Melee: Unarmed           ||   110
       Punch             ||     3
  Use: Scroll            ||     6
 Stab: Sleeping          ||     1
  Eat: Chunk             ||    14
Armor: Robe              ||    73
Dodge: Dodged            ||    74
